 Dungeon Crawl Stone Soup version 0.23.2-1-ga50397a (webtiles) character file.

Game seed: 8350384477397662085

78 wilfster70 the Ruffian (level 4, -5/44 HPs)
             Began as a Troll Monk on May 23, 2019.
             Was a Believer of Okawaru.
             Slain by a gnoll
             ... wielding a +0 halberd
              (15 damage)
             ... on level 2 of the Dungeon.
             The game lasted 00:02:32 (857 turns).

wilfster70 the Ruffian (Troll Monk)                  Turns: 857, Time: 00:02:33

Health: -5/44      AC:  6    Str: 20    XL:     4   Next: 15%
Magic:  3/3        EV: 11    Int:  6    God:    Okawaru [**....]
Gold:   58         SH:  0    Dex: 12    Spells: 3/3 levels left

rFire    . . .     SeeInvis .     - Unarmed
rCold    . . .     Gourm    +   (no shield)
rNeg     . . .     Faith    .   a - +0 robe
rPois    .         Spirit   .   (helmet restricted)
rElec    .         Reflect  .   (no cloak)
rCorr    .         Harm     .   (gloves unavailable)
MR       .....                  (boots unavailable)
Stlth    ++........             (no amulet)
HPRegen  0.54/turn              (no ring)
MPRegen  0.08/turn              (no ring)

@: no status effects
A: large, unfitting armour, claws 3, fast metabolism 3, gourmand, regeneration
1, shaggy fur 1, tough skin 3
a: Heroism, Renounce Religion


You were on level 2 of the Dungeon.
You worshipped Okawaru.
Okawaru was pleased with you.
You were completely stuffed.

You visited 1 branch of the dungeon, and saw 2 of its levels.

You collected 58 gold pieces.

Inventory:

Missiles
 h - 7 javelins (quivered)
Armour
 a - a +0 robe (worn)
Scrolls
 c - a scroll of remove curse {unknown}
 d - 2 scrolls of fog {unknown}
 e - a scroll of blinking {unknown}
 f - a scroll of amnesia {unknown}
 j - a scroll of teleportation {unknown}
Potions
 g - a potion of magic {unknown}
 k - a potion of cancellation {unknown}
Comestibles
 b - 4 rations
 i - 4 chunks of flesh


   Skills:
 + Level 2.9 Fighting
 + Level 2.9 Dodging
 - Level 1.0 Stealth
 * Level 4.1 Unarmed Combat
 + Level 0.3 Invocations


You had 3 spell levels left.
You didn't know any spells.
Your spell library was empty.

Dungeon Overview and Level Annotations

Branches:
Dungeon (2/15)

Altars:
Okawaru


Innate Abilities, Weirdness & Mutations

You are too large for most types of armour.
You have claws for hands.
Your metabolism is lightning-fast.
You like to eat raw meat.
Your natural rate of healing is unusually fast.
You are covered in fur. (AC +1)
You have extremely tough skin. (AC +3)


Message History

You see here a +0 club.
You scratch the gnoll.
The gnoll is lightly wounded.
The gnoll hits you but does no damage. The gnoll closely misses you.
You completely miss the gnoll.
The gnoll is lightly wounded.
The gnoll hits you from afar with a +0 spear.
You barely miss the gnoll.
The gnoll is lightly wounded.
The gnoll hits you but does no damage.
The gnoll hits you from afar with a +0 spear.
* * * LOW HITPOINT WARNING * * *
You scratch the gnoll.
The gnoll is lightly wounded.
The gnoll barely misses you.
The gnoll hits you from afar with a +0 spear.
* * * LOW HITPOINT WARNING * * *
Okay, then.
The gnoll hits you from afar with a +0 halberd!
You die...

##...#...######............#
.....#.### #...##########.##
# #...# #.#......<.....#
###.# #...############ #.#
##.## #)# #.# #.# #.#
#.######.############
#.......gg)@........#
#######.###########.# ##.##
######.g.# ...)...g.#
######...# ........#######
...####.(%....#
..#.......).....#


You could see 2 gnolls.

Vanquished Creatures
  2 adders (D:2)
  2 gnolls (D:2)
  An ooze (D:1)
  A worm (D:2)
  3 giant cockroaches
  5 goblins
  4 hobgoblins
  3 jackals (D:1)
  A kobold (D:2)
  2 bats
  3 frilled lizards
  7 rats
34 creatures vanquished.

Notes
Turn   | Place    | Note
-------+----------+-------------------------------------------
     0 | D:1      | wilfster70 the Troll Monk began the quest for the Orb.
     0 | D:1      | Reached XP level 1. HP: 22/22 MP: 0/0
   244 | D:1      | Reached XP level 2. HP: 29/29 MP: 1/1
   567 | D:2      | Reached XP level 3. HP: 36/36 MP: 2/2
   659 | D:2      | Found an iron altar of Okawaru.
   696 | D:2      | Became a worshipper of Warmaster Okawaru
   696 | D:2      | Reached * piety under Okawaru
   696 | D:2      | Reached ** piety under Okawaru
   835 | D:2      | Reached skill level 4 in Unarmed Combat
   835 | D:2      | Reached XP level 4. HP: 33/44 MP: 3/3
   857 | D:2      | Slain by a gnoll

Skill      XL: |  1  2  3 |
---------------+----------+-----
Unarmed Combat | 4 |  4.1
Fighting       | |  2.9
Dodging        | |  2.9
Stealth        | |  1.0
Invocations    | |  0.3

Action                   |  1- 3 |  4- 6 || total
-------------------------+-------+-------++-------
Melee: Unarmed           |    81 |     6 ||    87
 Stab: Sleeping          |     2 |       ||     2
       Distracted        |     1 |       ||     1
  Eat: Chunk             |    13 |       ||    13
Armor: Robe              |    34 |     2 ||    36
Dodge: Dodged            |    36 |     7 ||    43
